 Dungeon Crawl Stone Soup version 0.30-a0-622-gddc90eaa04 (webtiles) character file.

Game seed: 17553245489411893644

4708 IdlyInterested the Cleaver (level 10, -10/76 HPs)
             Began as a Demonspawn Gladiator on Jan 10, 2023.
             Mangled by Gastronok (16 damage)
             ... on level 9 of the Dungeon.
             The game lasted 00:25:22 (7419 turns).

IdlyInterested the Cleaver (Demonspawn Gladiator)   Turns: 7419, Time: 00:25:22

Health: -10/76     AC: 10    Str: 19    XL:     10   Next: 22%
Magic:  10/10      EV:  8    Int:  9    God:
Gold:   92         SH:  4    Dex: 15    Spells: 9/9 levels left

rFire   + . .      SeeInvis .    a - +0 war axe
rCold   + . .      Faith    .    (no shield)
rNeg    + . .      Spirit   .    i - +1 chain mail {rC+}
rPois   .          Reflect  .    (helmet unavailable)
rElec   .          Harm     .    (no cloak)
rCorr   .          Rampage  .    (no gloves)
Will    .....                    I - +0 pair of boots Stlth
                                 v - amulet of regeneration
HPRegen 1.12/turn                o - ring of positive energy
MPRegen 0.12/turn                B - ring of protection from fire

@: hasted, very quick
A: horns 3, condensation shield, demonic touch 1
a: no special abilities


You were on level 9 of the Dungeon.
You visited 2 branches of the dungeon, and saw 10 of its levels.

You collected 580 gold pieces.
You spent 488 gold pieces at shops.

Inventory:

Hand Weapons
 a - a +0 war axe (weapon)
 b - a +4 scimitar of flaming
 q - a +0 short sword of venom
 u - a +2 dagger of speed
 S - the +0 falchion of Kewaoz {protect, rPois MP+9 Str-5}
   (You found it on level 9 of the Dungeon)

   Str:       It affects your strength (-5).
   rPois:     It protects you from poison.
   MP:        It affects your magic capacity (+9).
Missiles
 d - 3 throwing nets
 e - a javelin
 g - 49 stones (quivered)
 y - 20 poisoned darts
 F - 2 boomerangs
Armour
 i - a +1 chain mail of cold resistance (worn)
 l - an orb of mayhem
 I - a +0 pair of boots (worn)
 L - a +3 ring mail
Magical Staves
 H - a staff of death
Jewellery
 o - a ring of positive energy (left hand)
 v - an amulet of regeneration (around neck)
 z - an amulet of guardian spirit
 B - a ring of protection from fire (right hand)
 J - an amulet of magic regeneration
 Q - a +6 ring of intelligence
Wands
 c - a wand of roots (12)
 K - a wand of mindburst (4)
 P - a wand of acid (4)
 T - a wand of polymorph (6)
Scrolls
 f - 3 scrolls of teleportation
 j - 2 scrolls of torment
 n - 2 scrolls of magic mapping
 p - 2 scrolls of acquirement {unknown}
 s - a scroll of fear
 t - 2 scrolls of poison
 w - 4 scrolls of blinking
 x - a scroll of enchant armour
 A - 2 scrolls of fog {unknown}
 C - 6 scrolls of identify
 D - 4 scrolls of vulnerability {unknown}
 E - a scroll of immolation {unknown}
 R - a scroll of butterflies {unknown}
Potions
 h - 2 potions of attraction
 k - 4 potions of curing {unknown}
 m - 4 potions of flight {unknown}
 r - 3 potions of brilliance {unknown}
 G - a potion of resistance
 M - a potion of mutation {unknown}
 N - 2 potions of lignification {unknown}
 O - a potion of haste


   Skills:
 + Level 6.0 Fighting
 * Level 12.1 Axes
 - Level 2.0 Throwing
 - Level 2.0 Armour
 - Level 3.0 Dodging
 * Level 1.7 Stealth
 - Level 2.0 Unarmed Combat
 - Level 2.0 Evocations


You had 9 spell levels left.
You didn't know any spells.
Your spell library contained the following spells:

 Spells                   Type           Power      Damage    Failure   Level
 Apportation              Tloc           0%         N/A       99%         1
 Necrotise                Necr           0%         1d4       99%         1
 Summon Small Mammal      Summ           0%         N/A       99%         1
 Summon Guardian Golem    Hex/Summ       0%         N/A       100%        3
 Orb of Destruction       Conj           0%         9d5       100%        7
 Spellforged Servitor     Conj/Summ      0%         N/A       100%        7


Dungeon Overview and Level Annotations

Branches:
Dungeon (9/15)             Temple (1/1) D:6            Lair (0/5) D:8
    Orc: D:9-12

Altars:
Ashenzari
Cheibriados
Dithmenos
Fedhas
Gozag
Hepliaklqana
Kikubaaqudgha
Makhleb
Nemelex Xobeh
Okawaru
Qazlal
Ru
Sif Muna
Trog
Uskayaw
Vehumet
Wu Jian
Xom
Yredelemnul

Shops:
D:4 ?!*[*   D:6 *[   D:8 (

Annotations:
D:9 Gastronok


Innate Abilities, Weirdness & Mutations

You have a pair of large horns on your head.
A meltable shield of frost defends you. (SH +4)
Your touch may inflict minor irresistible damage on your foes.


Message History

The air twists around and strikes you!!
The orc warrior unwields a +0 glaive.
The orc warrior wields a +0 arbalest.
The orc warrior shoots a bolt.
The bolt closely misses you.
Items here: )) [ ††.
The orc warrior unwields a +0 arbalest.
The orc warrior wields a +0 glaive.
The orc warrior hits you with a +0 glaive!
Okay, then.
You hit Gastronok. You headbutt Gastronok! You punch Gastronok.
Gastronok is lightly wounded.
You hit the orc warrior.
The orc warrior hits you with a +0 glaive!
* * * LOW HITPOINT WARNING * * *
You feel yourself speed up. You block the orc warrior's attack.
Gastronok bites you!
* * * LOW HITPOINT WARNING * * *
You slash Gastronok!
Gastronok is lightly wounded.
You closely miss the orc warrior.
The orc warrior hits you but does no damage.
You hit Gastronok but do no damage. You headbutt Gastronok!
Gastronok is moderately wounded.
You barely miss the orc warrior. You hit Gastronok but do no damage.
Gastronok is moderately wounded.
You hit the orc warrior.
The orc warrior hits you with a +0 glaive!
* * * LOW HITPOINT WARNING * * *
Gastronok looks at you while chanting.
You barely resist. You slash Gastronok!
You touch Gastronok!
Gastronok is moderately wounded.
You hit the orc warrior. You slash Gastronok!
Gastronok is moderately wounded.
You hit the orc warrior but do no damage.
The orc warrior barely misses you.
You slash Gastronok!
Gastronok is heavily wounded.
You barely miss the orc warrior. Gastronok bites you!
You die...

### #### ...# ## ##.# #.
########+### #.# #.
#..........# ##'### #.
###..........# .....#
######.####.'..........#
.....#
.......w..#.#..........#
.....+
......o@)...#...........
.....#
........).###...........
.....# ..........#
#....>.....# .....#
#######.### #..........#
#'#### #..# ##+.##.#..##
..# #..## #..#.##..# ##
...# #..##.#.## ###
##.#.##.# #......#


You could see Gastronok and an orc warrior.

Vanquished Creatures
  Erica (D:8)
  2 trolls
  Prince Ribbit (D:9)
  2 wyverns
  2 water moccasins (D:8)
  2 orc warriors
  3 ice beasts
  2 sky beasts
  A black bear (D:6)
  4 ogres
  A centaur (D:8)
  3 phantoms
  A kobold brigand (D:8)
  3 bullfrogs
  2 gnoll sergeants
  2 scorpions
  A necrophage (D:5)
  4 howler monkeys
  5 hounds
  2 jellies
  A gnoll bouda (D:8)
  3 orc priests
  An iguana (D:7)
  Terence (D:3)
  10 orc wizards
  6 adders
  14 gnolls
  A white imp (D:4)
  A worm (D:4)
  4 dart slugs
  26 orcs
  5 bats
  4 endoplasms
  4 giant cockroaches
  7 goblins
  7 hobgoblins
  15 jackals
  10 kobolds
  4 quokkas
  3 ball pythons (D:1)
  3 frilled lizards
  4 rats (D:1)
  2 toadstools (D:1)
180 creatures vanquished.

Vanquished Creatures (others)
  A fungus (D:1)
  4 plants (D:8)
  3 toadstools (D:1)
8 creatures vanquished.

Grand Total: 188 creatures vanquished

Notes
Turn   | Place    | Note
-------+----------+-------------------------------------------
     0 | D:1      | IdlyInterested the Demonspawn Gladiator began the quest for
                  | the Orb.
     0 | D:1      | Reached XP level 1. HP: 16/16 MP: 1/1
   130 | D:1      | Reached skill level 3 in Axes
   178 | D:1      | Discovered your monstrous ancestry.
   178 | D:1      | Gained mutation: Your touch may inflict minor irresistible
                  | damage on your foes. [demonic ancestry]
   178 | D:1      | Reached XP level 2. HP: 22/22 MP: 2/2
   384 | D:1      | Gained mutation: A meltable shield of frost defends you.
                  | (SH +4) [demonic ancestry]
   384 | D:1      | Reached XP level 3. HP: 24/27 MP: 3/3
   557 | D:1      | Found a faded altar of an unknown god.
  1525 | D:3      | Reached skill level 4 in Axes
  1797 | D:3      | Noticed Terence
  1804 | D:3      | Killed Terence
  1805 | D:3      | Gained mutation: You have a pair of small horns on your
                  | head. [demonic ancestry]
  1805 | D:3      | Reached XP level 4. HP: 22/33 MP: 4/4
  1957 | D:3      | Found a basalt altar of Yredelemnul.
  2288 | D:3      | Found a sacrificial altar of Ru.
  2345 | D:4      | Noticed a scorpion
  2351 | D:4      | Killed a scorpion
  2352 | D:4      | Reached skill level 5 in Axes
  2352 | D:4      | Gained mutation: You have a pair of horns on your head.
                  | [demonic ancestry]
  2352 | D:4      | Reached XP level 5. HP: 16/39 MP: 5/5
  2452 | D:4      | Noticed a phantom
  2461 | D:4      | Killed a phantom
  2470 | D:4      | Reached XP level 6. HP: 13/46 MP: 6/6
  2484 | D:4      | Reached skill level 6 in Axes
  2853 | D:4      | Found Mir Qeic's Assorted Antiques.
  2880 | D:4      | Found Vofisto's Assorted Antiques.
  2881 | D:4      | Found Baowk's Magic Scroll Shoppe.
  2884 | D:4      | Found Ixyokkon's Antique Armour Shoppe.
  2885 | D:4      | Found Momnurr's Distillery.
  3185 | D:4      | Bought a scroll labelled KADUT VURAO for 18 gold pieces
  3185 | D:4      | Bought a fuming red potion for 16 gold pieces
  3185 | D:4      | Bought 3 scrolls labelled BURCHEL VEIPH for 54 gold pieces
  3185 | D:4      | Bought a scroll labelled VORAYMM VUSOLUN for 18 gold pieces
  3189 | D:4      | Bought a scroll of noise for 11 gold pieces
  3193 | D:4      | Bought 2 potions of degeneration for 28 gold pieces
  3197 | D:4      | Bought a scroll of identify for 22 gold pieces
  3201 | D:4      | Bought a potion of resistance for 140 gold pieces
  3221 | D:5      | Entered Level 5 of the Dungeon
  3227 | D:5      | Reached XP level 7. HP: 51/51 MP: 7/7
  3284 | D:5      | Reached skill level 7 in Axes
  3284 | D:5      | Reached skill level 1 in Evocations
  3516 | D:5      | Reached skill level 8 in Axes
  3516 | D:5      | Reached skill level 1 in Stealth
  3623 | D:5      | Gained mutation: You have a pair of large horns on your
                  | head. [demonic ancestry]
  3623 | D:5      | Reached XP level 8. HP: 58/58 MP: 8/8
  3912 | D:6      | Reached skill level 1 in Armour
  4036 | D:6      | Reached skill level 9 in Axes
  4038 | D:6      | Found a staircase to the Ecumenical Temple.
  4096 | Temple   | Entered the Ecumenical Temple
  4331 | D:6      | Reached skill level 1 in Unarmed Combat
  4523 | D:6      | Found an iron altar of Okawaru.
  4549 | D:6      | Found Inagoe's Assorted Antiques.
  4618 | D:6      | Found Keur's Antique Armour Shoppe.
  5046 | D:7      | Reached skill level 10 in Axes
  5046 | D:7      | Reached XP level 9. HP: 51/65 MP: 9/9
  5146 | D:6      | Bought a lumpy blue potion for 19 gold pieces
  5146 | D:6      | Bought a scroll labelled KERYMOCUX for 22 gold pieces
  5800 | D:4      | Bought a potion of haste for 140 gold pieces
  6086 | D:8      | Found a blossoming altar of Fedhas.
  6229 | D:8      | Found Ker Gajy's Antique Weapon Shoppe.
  6318 | D:8      | Noticed a troll
  6326 | D:8      | Killed a troll
  6327 | D:8      | Reached skill level 5 in Fighting
  6327 | D:8      | Reached skill level 11 in Axes
  6482 | D:8      | Noticed Erica
  6491 | D:8      | HP: 3/68 [ice beast (3)]
  6493 | D:8      | Killed Erica
  6496 | D:8      | Reached XP level 10. HP: 22/76 MP: 10/10
  6530 | D:8      | Found a staircase to the Lair.
  6923 | D:9      | Identified the +0 falchion of Kewaoz {protect, rPois MP+9
                  | Str-5}
  7143 | D:9      | Noticed Prince Ribbit
  7146 | D:9      | Reached skill level 12 in Axes
  7158 | D:9      | Killed Prince Ribbit
  7407 | D:9      | Noticed Gastronok
  7419 | D:9      | Mangled by Gastronok

Illustrated notes

Levels and vault maps discovered:
D:1:      giann_wishing_wells, layout_rooms,
          dreamdust_ecumenical_altar_hidden_monk_grotto, serial_park_tiny_pond,
          st_stairs_4, grunt_decor_arrowhead, hex_tiny, minmay_gold_behind_fungi
D:2:      layout_basic
D:3:      layout_loops_ring, mainiacjoe_overflow_six_doors_small,
          lemuel_coloured_pillars_altar, uniq_terence
D:4:      layout_basic, serial_shops,
          nicolae_shop_temple_entry_statues_fountains, roderic_serpentine_path,
          minmay_shop_grid_forest
D:5:      layout_cave_pools, minmay_misc_feat_encased
D:6:      layout_loops_ring, kennysheep_little_box, minmay_temple_entry_glass,
          serial_shops, nicolae_shop_stone, nicolae_take_the_stairs
D:7:      layout_loops_cross
D:8:      layout_loops_ring, fedhas_ov_isle_minmay, lair_entry_dummy,
          serial_shops, nicolae_shop_trees, uniq_erica
D:9:      layout_roguey, mrwooster_statue_mirror, minmay_misc_feat_tiny,
          minmay_large_rounded_square, uniq_gastronok, uniq_prince_ribbit1
Temple:   hc_temple_tempest_star

Skill      XL: |  1  2  3  4  5  6  7  8  9 10 |
---------------+-------------------------------+-----
Axes           | 3 4 5 6 8 10 11 12 | 12.1
Throwing       | 2 |  2.0
Dodging        | 3 |  3.0
Fighting       | 3 4 5 6 |  6.0
Evocations     | 1 2 |  2.0
Stealth        | 1 |  1.7
Armour         | 2 |  2.0
Unarmed Combat | 1 2 |  2.0

Action                   |  1- 3 |  4- 6 |  7- 9 | 10-12 || total
-------------------------+-------+-------+-------+-------++-------
Melee: War axe           |   113 |    66 |   275 |    49 ||   503
       Touch             |    11 |     8 |    40 |     8 ||    67
       Headbutt          |       |     6 |    50 |    10 ||    66
       Punch             |       |     1 |     4 |     1 ||     6
Throw: Stone             |       |     3 |       |       ||     3
       Dart              |       |     5 |       |       ||     5
Evoke: Wand              |       |     1 |       |       ||     1
  Use: Scroll            |     6 |     2 |       |       ||     8
       Potion            |     2 |       |     1 |     1 ||     4
Armor: Leather armour    |     3 |       |       |       ||     3
       Chain mail        |    53 |    43 |   142 |    22 ||   260
Dodge: Dodged            |    53 |    24 |    95 |     9 ||   181
Block: Other             |     9 |     9 |    47 |     7 ||    72

Table legend: (Time is in decaauts)
 A = Elapsed time spent in this place.
 B = Non-inter-level travel time spent in this place.
 C = Inter-level travel time spent in this place.
 D = Time resting spent in this place.
 E = Time spent auto-exploring this place.
 F = Levels seen in this place.
 G = Mean time per level.
                   A        B        C        D        E       F      G
               +--------+--------+--------+--------+--------+-----+--------+
         Total |   7507 |   6359 |   1148 |    521 |   4009 |  10 |  750.7 |
       Dungeon |   7307 |   6172 |   1135 |    521 |   3835 |   9 |  811.9 |
        Temple |    200 |    187 |     13 |      0 |    174 |   1 |  200.0 |
               +--------+--------+--------+--------+--------+-----+--------+

Top non-repeatable levels by time:
     D:8: 1064 daAuts
     D:6: 990 daAuts
     D:4: 911 daAuts
     D:2: 864 daAuts
     D:7: 827 daAuts
     D:1: 806 daAuts
     D:3: 762 daAuts
     D:5: 704 daAuts
     D:9: 375 daAuts
  Temple: 200 daAuts
